[Event "Early-Titled-Tuesday-Blitz-January-23-2024"]
[Site "Chess.com"]
[Date "2024.01.23"]
[Round "2"]
[White "bolwin"]
[Black "Martial2008"]
[Result "1/2-1/2"]
[WhiteElo "2258"]
[BlackElo "2675"]
[TimeControl "180+1"]
[EndTime "8:18:41 PST"]
[Termination "Game drawn - insufficient material"]

1. Nf3 Nf6 2. c4 e6 3. Nc3 d5 4. d4 Bb4 5. Qc2 O-O 6. Bg5 h6 7. Bh4 c5 8. cxd5 exd5 9. e3 Nc6 10. a3 Bxc3+ 11. Qxc3 Ne4 12. Bxd8 Nxc3 13. Bh4 Ne4 14. dxc5 Nxc5 15. Rc1 Ne4 16. Bb5 Bg4 17. Bxc6 bxc6 18.
Ne5 Be6 19. Nxc6 g5 20. Bg3 Kg7 21. O-O h5 22. Be5+ f6 23. Bd4 a5 24. Rfd1 a4 25. f3 Nd6 26. Bc5 Nc4 27. Bxf8+ Rxf8 28. Nd4 Bf7 29. b3 axb3 30. Nxb3 Nxa3 31. Rc7 Nc4 32. Nd4 Re8 33. e4 dxe4 34. fxe4 Rxe4 35. Nf5+ Kg6 36.
Ng3 Re5 37. Nxh5 Kxh5 38. Rxf7 Kg6 39. Rf8 Re2 40. Rf1 Re6 41. h3 Nd6 42. Ra1 Nf5 43.
Ra7 Nh4 44. Rg8+ Kf5 45. Ra5+ Kf4 46. Ra1 Re2 47. Rf1+ Kg3 48. Rxf6 Rxg2+ 49. Kf1 Kxh3 50. Rh6 Rg4 51. Kf2 Rf4+ 52. Ke3 Rg4 53. Rhh8 Kg3 54.
Rh7 Nf3 55. Rhg7 Rf4 56. Rxg5+ Nxg5 57. Rxg5+ Rg4 58. Rxg4+ Kxg4 1/2-1/2

[Event "Early-Titled-Tuesday-Blitz-January-23-2024"]
[Site "Chess.com"]
[Date "2024.01.23"]
[Round "2"]
[White "valeriocarnicelli"]
[Black "Jenia84"]
[Result "1/2-1/2"]
[WhiteElo "2528"]
[BlackElo "2328"]
[TimeControl "180+1"]
[EndTime "8:18:41 PST"]
[Termination "Game drawn by repetition"]

1. e4 c5 2. Nf3 d6 3. d4 cxd4 4. Nxd4 Nf6 5. Nc3 a6 6. Be2 e5 7. Nf3 Be7 8. Bg5 Nbd7 9. O-O b5 10.
Bxf6 Nxf6 11. Nd2 Bb7 12. f3 O-O 13. a4 b4 14. Na2 d5 15. exd5 Nxd5 16. Nc4 Rc8 17.
Kh1 Qc7 18. Qe1 Nf4 19. b3 a5 20. Rd1 Ba6 21. Bd3 Nxd3 22. cxd3 Bf6 23. Nc1 Rfd8 24.
Ne2 g6 25. Ng3 Bg7 26. Rf2 f5 27. Re2 h5 28. Nxe5 Bxe5 29. Rxe5 Rxd3 30. Rxd3 Bxd3 31. Re8+ Rxe8 32. Qxe8+ Kg7 33. Qe3 Ba6 34. Nxf5+ gxf5 35. Qg5+ Kf8 36. Qxf5+ Ke7 37. h4 Qc1+ 38. Kh2 Qc7+ 39. f4 Qd6 40. Kg3 Bc8 41. Qxa5 Qd3+ 42.
Kh2 Qd6 43. Qg5+ Qf6 44. Qc5+ Kd8 45. Qa5+ Ke8 46. Qb5+ Kd8 47. Qa5+ Kd7 48. Qxb4 Qxh4+ 49. Kg1 Qe7 50. Qd4+ Ke8 51. Qf2 Bd7 52. Kh2 Qf6 53. a5 Bc8 54. b4 Kf7 55. Qe3 Qh4+ 56. Kg1 Qe7 57. Qf2 Qxb4 58. Qa7+ Qe7 59. Qb6 Qe1+ 60.
Kh2 Qh4+ 61. Kg1 Qe1+ 62. Kh2 Qh4+ 63. Kg1 Qe1+ 1/2-1/2

[Event "Early-Titled-Tuesday-Blitz-January-23-2024"]
[Site "Chess.com"]
[Date "2024.01.23"]
[Round "2"]
[White "santosalberto1987"]
[Black "Iball95"]
[Result "0-1"]
[WhiteElo "2522"]
[BlackElo "2767"]
[TimeControl "180+1"]
[EndTime "8:18:43 PST"]
[Termination "Iball95 won by resignation"]

1. e4 c5 2. Nf3 e6 3. g3 Nc6 4. Bg2 Nf6 5. Qe2 e5 6. O-O Be7 7. c3 O-O 8. Rd1 d5 9. exd5 Qxd5 10. d3 Bf5 11. Nh4 Bg4 12. Qxg4 Qxg2+ 13. Kxg2 Nxg4 14.
Nf5 Rfe8 15. h3 Nf6 16. Bg5 Nd5 17. Nxe7+ Ndxe7 18. Be3 b6 19. Na3 Nf5 20. g4 Nd6 21. d4 exd4 22. cxd4 cxd4 23. Bxd4 f6 24. Bxf6 Ne4 25.
Bh4 Re6 26. Rd7 Ne5 27. Rc7 Nd3 28. Rd1 Nf4+ 29. Kh2 Ng6 30. Bg3 Nxg3 31. Kxg3 Nf8 32. Nb5 a6 33. Nd4 Rd6 34. Rxg7+ Kh8 35. Rf7 Rad8 36.
Rf4 Kg8 37. Rd2 R8d7 38. Re4 Ne6 39. Nxe6 Rxd2 40. Ng5 Rxb2 41. Re6 Kg7 42. Ne4 b5 43.
Rxa6 b4 44. Rb6 Ra7 45. f4 Ra3+ 46. Kh4 Raxa2 47. f5 Ra7 48. f6+ Kg6 49. g5 b3 50.
Ng3 Ra4+ 51. Ne4 Rxe4+ 52. Kg3 Rb1 53. Rb7 Kxg5 54. f7 Rf1 55. Rxb3 Rxf7 56. Rb5+ Kg6 57. Rb6+ Rf6 58. Rb7 Ree6 59. h4 h5 60. Rb5 Re4 61.
Rg5+ Kh6 62. Rg8 Rg4+ 63. Rxg4 hxg4 64. Kxg4 Rg6+ 65. Kh3 Kh5 0-1

[Event "Early-Titled-Tuesday-Blitz-January-23-2024"]
[Site "Chess.com"]
[Date "2024.01.23"]
[Round "2"]
[White "MIss_MIaMI"]
[Black "FMCarmona"]
[Result "1-0"]
[WhiteElo "2456"]
[BlackElo "2156"]
[TimeControl "180+1"]
[EndTime "8:18:43 PST"]
[Termination "MIss_MIaMI won on time"]

1. e4 e5 2. Nf3 Nc6 3. d4 exd4 4. c3 dxc3 5. Bc4 Bc5 6. Bxf7+ Kxf7 7. Qd5+ Kf8 8.
Qxc5+ d6 9. Qxc3 Nf6 10. Nbd2 Qe7 11. O-O Bg4 12. Re1 Ne5 13. Nxe5 dxe5 14. Qb3 c6 15. Nc4 Be6 16. Qc3 Bxc4 17. Qxc4 h6 18. Be3 Qf7 19.
Qb4+ Kg8 20. f3 Kh7 21. a3 b6 22. Rad1 Rhd8 23. Qc3 Qe6 24. Bf2 c5 25. Bg3 Rd4 26.
Bf2 Rdd8 27. Rd3 Nh5 28. Red1 Rxd3 29. Qxd3 Nf4 30. Qd2 Qb3 31. Bg3 Ne6 32. Bxe5 Rd8 33. Bd6 Nd4 34. e5 Re8 35. Qd3+ Qxd3 36. Rxd3 Kg6 37.
f4 Kf5 38. g3 Ke4 39. Rd1 g5 40. fxg5 hxg5 41. Kg2 g4 42. Rf1 c4 43. Rf4+ Kd5 44.
Rxg4 b5 45. h4 a5 46. h5 Nf5 47. Kh3 Nxd6 48. exd6 Kxd6 49. Rg5 b4 50. Rxa5 c3 51. bxc3 bxc3 52. Ra4 Rc8 53. Rd4+ Ke5 54. Rd1 c2 55. Rc1 Kd4 56. g4 Kd3 57. g5 Kd2 58. Rxc2+ Rxc2 59. h6 Ra2 60. Kg4 Rxa3 61. g6 Ra8 62. g7 Ke3 63. h7 1-0

[Event "Early-Titled-Tuesday-Blitz-January-23-2024"]
[Site "Chess.com"]
[Date "2024.01.23"]
[Round "2"]
[White "RichardLeyvaP"]
[Black "itsdsyr"]
[Result "1-0"]
[WhiteElo "2498"]
[BlackElo "2236"]
[TimeControl "180+1"]
[EndTime "8:18:45 PST"]
[Termination "RichardLeyvaP won by checkmate"]

1. e4 e5 2. d4 exd4 3. Qxd4 Nc6 4. Qe3 Nf6 5. Nc3 Bb4 6. Bd2 d6 7. O-O-O Be6 8. Qg3 Nh5 9. Qf3 Nf6 10. h3 Qe7 11. Bb5 a6 12. Bxc6+ bxc6 13. Nge2 O-O 14. Bg5 h6 15. Bxf6 Qxf6 16. Qxf6 gxf6 17. g4 Bc5 18.
Nd4 Bxd4 19. Rxd4 Rfb8 20. Re1 a5 21. b3 Rb4 22. Rxb4 axb4 23. Na4 c5 24. Kb1 Kg7 25. Nb2 h5 26. Nd3 hxg4 27. hxg4 Rh8 28. Rg1 Rh2 29. Kc1 Kf8 30. Kd2 Ke7 31. Ke3 Rh8 32. Ra1 Ra8 33. f3 Rh8 34. a4 bxa3 35. Rxa3 Rh2 36.
Nf2 Kd7 37. Ra1 Rh8 38. Nd3 c4 39. bxc4 Bxc4 40. Nf4 Rh2 41. Rc1 c5 42. Nh5 Ke7 43. Ng3 Rg2 44. Nf5+ Ke6 45. Rd1 d5 46. exd5+ Bxd5 47. Kf4 Rxc2 48. Ne3 Rc4+ 49. Nxc4 Bxc4 50. Ke4 Bb3 51.
Ra1 c4 52. Ra6+ Ke7 53. f4 Bd1 54. g5 fxg5 55. fxg5 c3 56. Rc6 c2 57. Ke5 Kd7 58.
Rc3 Ke7 59. Rc7+ Kd8 60. Kd6 Ke8 61. Rc8# 1-0

[Event "Early-Titled-Tuesday-Blitz-January-23-2024"]
[Site "Chess.com"]
[Date "2024.01.23"]
[Round "2"]
[White "DrCeltic"]
[Black "Sebastian"]
[Result "0-1"]
[WhiteElo "2625"]
[BlackElo "3001"]
[TimeControl "180+1"]
[EndTime "8:18:46 PST"]
[Termination "Sebastian won by resignation"]

1. e4 c5 2. Nf3 d6 3. d4 cxd4 4. Nxd4 Nf6 5. Nc3 a6 6. Be3 e5 7. Nf3 Be7 8. Bc4 O-O 9. O-O Nc6 10. h3 Na5 11. Bd5 Bd7 12. Qd3 Rc8 13. Rfd1 b5 14.
a3 h6 15. Nd2 Qc7 16. Rac1 Be6 17. Bxe6 fxe6 18. f3 Qb7 19. Bf2 Rc6 20. Ne2 Rfc8 21. Nf1 Nc4 22. Qb3 d5 23. Neg3 Bc5 24. Bxc5 Rxc5 25. exd5 exd5 26. Kh1 Kh8 27. Ne3 d4 28. Nxc4 Rxc4 29. Qd3 Qc7 30. Rd2 Nd5 31. Qg6 Rc6 32. Qe4 Nf6 33. Qd3 Rc4 34. Re2 Nd5 35.
Qf5 Ne3 36. Qe4 Rf8 37. Nf1 Nxf1 38. Rxf1 Rc5 39. Rfe1 Rc8 40. Qg6 Rxc2 41. Rxe5 Rg8 42. Re7 Rc1 43. Re8 Rxe1+ 44. Rxe1 Qd7 45. Rd1 Rd8 46. Qd3 Qd5 47. Re1 a5 48. Re4 Qc4 49.
Qd2 b4 50. axb4 axb4 51. Qe2 Qxe2 52. Rxe2 Kg8 53. Kg1 Kf7 54. Kf2 Kf6 55. Ke1 g5 56.
Kd2 h5 57. Kd3 h4 58. Re4 Kf5 59. Rxd4 Rxd4+ 60. Kxd4 Kf4 61. Kd3 Kg3 62. Ke4 Kxg2 63.
Kf5 Kxh3 64. Kxg5 Kg3 65. f4 h3 66. f5 h2 67. f6 h1=Q 68. f7 Qh8 69. Kg6 Qf8 70. Kf6 Kf4 71. Ke6 Ke4 0-1

[Event "Early-Titled-Tuesday-Blitz-January-23-2024"]
[Site "Chess.com"]
[Date "2024.01.23"]
[Round "2"]
[White "NovoselovRoman"]
[Black "Kapitan_Bayan"]
[Result "1/2-1/2"]
[WhiteElo "2536"]
[BlackElo "2338"]
[TimeControl "180+1"]
[EndTime "8:18:48 PST"]
[Termination "Game drawn - insufficient material"]

1. d4 d5 2. Bf4 Nf6 3. Nf3 c5 4. c3 Nc6 5. Nbd2 Qb6 6. Qb3 c4 7. Qc2 e6 8. Rb1 Qd8 9. e4 Be7 10. Be2 O-O 11. O-O b5 12. Ne5 Bb7 13. Bf3 Nxe5 14. Bxe5 Nd7 15. Bg3 Bg5 16. e5 a5 17. a4 b4 18. Nxc4 dxc4 19. Bxb7 Rb8 20. Be4 g6 21. d5 exd5 22. Bxd5 Nb6 23. Be4 b3 24. Qe2 Qe7 25. f4 Bh6 26. f5 Qc5+ 27. Kh1 Rbe8 28. e6 Qe3 29. Qg4 Qg5 30. Qh3 fxe6 31.
fxe6 Bg7 32. Rf7 Rxf7 33. exf7+ Kxf7 34. Qxh7 Rxe4 35. Rf1+ Qf6 36. Rxf6+ Kxf6 37. h4 Re2 38. h5 gxh5 39. Qxh5 Rxb2 40. Bh4+ Ke6 41. Qg6+ Kd5 42. Qxg7 Rb1+ 43. Kh2 Nxa4 44. Qg5+ Kd6 45. Qg6+ Kc5 46.
Qxb1 Nxc3 47. Qa1 Na2 48. Bf6 a4 49. Qd4+ Kb5 50. Qe5+ Kc6 51. Qe6+ Kb5 52. Qd5+ Kb4 53. Qd2+ c3 54. Bxc3+ Nxc3 55. Qd4+ Ka3 56. Qxc3 Ka2 57.
g4 a3 58. g5 b2 59. Qc2 Ka1 60. Qc3 Ka2 61. Qc4+ Ka1 62. Qb3 a2 63. g6 b1=Q 64. Qc3+ Qb2+ 65. Qxb2+ Kxb2 66. g7 a1=Q 67. g8=Q Qa3 68. Qg3 Qxg3+ 69. Kxg3 1/2-1/2

[Event "Early-Titled-Tuesday-Blitz-January-23-2024"]
[Site "Chess.com"]
[Date "2024.01.23"]
[Round "2"]
[White "monomita"]
[Black "Grossboss19"]
[Result "1-0"]
[WhiteElo "2830"]
[BlackElo "2557"]
[TimeControl "180+1"]
[EndTime "8:18:49 PST"]
[Termination "monomita won by resignation"]

1. d4 Nf6 2. c4 e6 3. g3 d5 4. Bg2 Nbd7 5. Nf3 Be7 6. O-O O-O 7. Qc2 c6 8. b3 b6 9. Nc3 Ba6 10. Rd1 dxc4 11. Ne5 cxb3 12. axb3 Bb7 13. Bxc6 Qc8 14. Bxb7 Qxb7 15. Nxd7 Qxd7 16. Qd3 Nd5 17. e4 Nxc3 18.
Qxc3 Rac8 19. Qd3 Rfd8 20. Bb2 Bf6 21. b4 Rc7 22. b5 h6 23. Rab1 Rdc8 24. d5 Bxb2 25.
Rxb2 exd5 26. Qxd5 Qxd5 27. Rxd5 Rc5 28. Rd3 R8c7 29.
Kg2 f6 30. f4 Kf7 31. h4 h5 32. Kf3 Ke6 33. Ke3 Rc3 34. Ra2 Rxd3+ 35. Kxd3 g6 36. Kd4 Rc5 37. Rxa7 Rxb5 38. Rg7 Rb4+ 39. Ke3 Rb3+ 40.
Kf2 Rb2+ 41. Kf3 Rb3+ 42. Kg2 Re3 43. e5 Kf5 44. Rf7 Kg4 45. Rxf6 Rxg3+ 46. Kf2 Rf3+ 47. Ke2 Ra3 48. e6 Ra8 49. Ke3 b5 50. Ke4 Ra4+ 51.
Ke5 b4 52. e7 Ra8 53. Rf8 Ra1 54.
e8=Q Re1+ 55. Kf6 Rxe8 56. Rxe8 Kxf4 57. Kxg6 b3 58. Kxh5 b2 59. Rb8 1-0

[Event "Early-Titled-Tuesday-Blitz-January-23-2024"]
[Site "Chess.com"]
[Date "2024.01.23"]
[Round "2"]
[White "Der_Balak_3Halak"]
[Black "Zq1"]
[Result "0-1"]
[WhiteElo "2317"]
[BlackElo "2534"]
[TimeControl "180+1"]
[EndTime "8:18:49 PST"]
[Termination "Zq1 won by resignation"]

1. e4 c5 2. Nf3 d6 3. Bb5+ Bd7 4. Bxd7+ Qxd7 5. O-O Nc6 6. c3 Nf6 7. Re1 e6 8. d4 cxd4 9. cxd4 d5 10. e5 Ne4 11. a3 Be7 12. Qd3 O-O 13. Nbd2 Nxd2 14. Bxd2 Rac8 15. Re3 b6 16. Ne1 f5 17. exf6 Bxf6 18.
Nf3 g6 19. Rae1 Rce8 20. h4 Rf7 21. h5 gxh5 22. Ne5 Bxe5 23. dxe5 Rg7 24. Rf3 Ne7 25. Rh3 Nf5 26. Rxh5 Qf7 27. Rg5 Rxg5 28. Bxg5 Rc8 29. Rc1 Rxc1+ 30. Bxc1 Qg6 31. g3 h5 32. Qa6 h4 33. Qc8+ Kh7 34. Bf4 hxg3 35. Qd7+ Kg8 36. Qd8+ Kg7 37. Qd7+ Qf7 38. Qxf7+ Kxf7 39. fxg3 Kg6 40.
Kf2 Kh5 41. Kf3 Nd4+ 42. Ke3 Nc6 43. Kf3 Na5 44. g4+ Kg6 45. Bc1 b5 46. Kf4 Nc6 47. Bd2 a5 48. Bc3 b4 49. axb4 axb4 50. Bd2 b3 51. Bc3 Na7 52. Bd4 Nb5 53. Bc5 Nc3 54.
Bd4 Ne2+ 55. Ke3 Nxd4 56. Kxd4 Kg5 57. Kc3 Kxg4 58. Kxb3 Kf4 59. Kc3 Kxe5 60. Kd3 Kd6 61. Kd4 e5+ 62. Kd3 Kc5 63. Kc3 Kb5 64. Kd3 Kb4 65.
Kc2 e4 66. Kd2 Kb3 67. Kc1 d4 68. Kb1 d3 69. Kc1 e3 70. Kd1 Kxb2 71. Ke1 Kc2 0-1

[Event "Early-Titled-Tuesday-Blitz-January-23-2024"]
[Site "Chess.com"]
[Date "2024.01.23"]
[Round "2"]
[White "ExchangeAB"]
[Black "agvega14"]
[Result "0-1"]
[WhiteElo "2439"]
[BlackElo "2164"]
[TimeControl "180+1"]
[EndTime "8:18:49 PST"]
[Termination "agvega14 won by resignation"]

1. d4 d5 2. Nf3 Nf6 3. c3 c5 4. e3 Nc6 5. dxc5 e6 6. b4 a5 7.
Qb3 axb4 8. cxb4 Ne4 9. Bb2 b6 10. Bb5 Bd7 11. Bxc6 Bxc6 12. Ne5 Ba4 13. Qd3 bxc5 14.
bxc5 Bxc5 15. O-O O-O 16. Nc3 f6 17. Nxe4 dxe4 18. Qc4 Qd5 19. Qxd5 exd5 20. Rfc1 Rfc8 21. Ng4 h5 22. Nxf6+ gxf6 23. Bxf6 Ba3 24. Rxc8+ Rxc8 25. h3 Rc2 26. g4 hxg4 27. hxg4 Kf7 28. Bd4 Kg6 29.
Kg2 Bd7 30. Rb1 Bxg4 31. Rb6+ Kf7 32. Ra6 Bb2 33. Bxb2 Bf3+ 34. Kg3 Rxb2 35. a4 Ra2 36. a5 Bd1 37. Ra7+ Ke6 38. Ra6+ Ke5 39. Ra7 Bf3 40. Re7+ Kd6 41. Ra7 Ra1 42. Kf4 Ra2 43. Ra6+ Kc5 44. Kg3 Kb5 45. Rd6 Kc5 46. Ra6 Be2 47. Ra7 d4 48.
exd4+ Kxd4 49. Rd7+ Ke5 50. Re7+ Kf5 51. Rf7+ Ke6 52. Ra7 Bf3 53. Ra6+ Kd5 54. Ra7 Kc5 55. Ra6 Kb5 56. Rf6 Rxa5 57. Kf4 Kb4 58. Ke3 Ra3+ 59. Kf4 Kc3 60. Rd6 Ra2 61. Kg3 Rd2 62. Rc6+ Kd3 63. Rd6+ Ke2 64. Rh6 Rd1 65. Rh2 Rg1+ 66. Kf4 Rg2 67.
Rh4 Rxf2 68. Ke5 e3 69. Kd4 Rf1 70. Rh8 Rd1+ 71. Kc3 Rd7 72. Re8 Kf2 73. Kc2 e2 0-1

[Event "Early-Titled-Tuesday-Blitz-January-23-2024"]
[Site "Chess.com"]
[Date "2024.01.23"]
[Round "2"]
[White "Adar_07"]
[Black "BogdanDeac"]
[Result "0-1"]
[WhiteElo "2640"]
[BlackElo "3082"]
[TimeControl "180+1"]
[EndTime "8:18:50 PST"]
[Termination "BogdanDeac won by resignation"]

1. e4 c5 2. Nf3 e6 3. d4 cxd4 4. Nxd4 a6 5. Nc3 b5 6. Bd3 Bb7 7. O-O Qb6 8. Nf3 Qc7 9. Re1 Be7 10. e5 f5 11. Bg5 b4 12. Nb1 Nc6 13. Bxe7 Ngxe7 14. Nbd2 Ng6 15. Nc4 O-O 16. h4 Nce7 17. Nd6 Bxf3 18. Qxf3 Nxe5 19. Rxe5 Qxd6 20. Ree1 Ng6 21.
h5 Ne5 22. Qf4 Nf7 23. Qd2 a5 24. a3 Rfb8 25. Qe2 bxa3 26. bxa3 Qc5 27. Rad1 a4 28. g4 g6 29. hxg6 hxg6 30. gxf5 gxf5 31. Qh5 Kg7 32. Re3 Rh8 33. Rg3+ Kf8 34. Qf3 Rd8 35. Bf1 Ke7 36. Qf4 Rdg8 37. Bg2 Rxg3 38. Qxg3 Qxc2 39. Re1 Qc5 40. Qd3 Qd6 41. Qc4 Rg8 42. Kf1 Rg4 43. Qc2 Rd4 44. Qxf5 Qf4 45. Qc5+ Qd6 46. Qc3 Qf4 47. Bf3 Rd6 48. Bg2 Qd4 49. Qg3 Qd3+ 50. Qxd3 Rxd3 51. Re3 Rxe3 52. fxe3 Kd6 53. Ke2 Kc5 54.
Be4 Ne5 55. Kd2 Nc4+ 56. Kc3 Nxa3 57. Bd3 Nb5+ 58. Kb2 Kb4 59. e4 a3+ 60. Ka2 Nc3+ 61. Ka1 Kc5 62. Bc2 e5 63. Bb3 d6 64. Bc2 Kc4 65. Bb1 Nxb1 66. Ka2 Kd4 67. Ka1 Kxe4 68. Ka2 Kd3 69. Ka1 e4 0-1

[Event "Early-Titled-Tuesday-Blitz-January-23-2024"]
[Site "Chess.com"]
[Date "2024.01.23"]
[Round "2"]
[White "jup1978"]
[Black "Panchenko_Dmitry"]
[Result "0-1"]
[WhiteElo "2413"]
[BlackElo "2822"]
[TimeControl "180+1"]
[EndTime "8:18:50 PST"]
[Termination "Panchenko_Dmitry won by checkmate"]

1. d4 d5 2. Nf3 Nf6 3. c4 c6 4. Nbd2 Bf5 5. Qb3 Qb6 6. e3 e6 7. Nh4 Bg6 8. Nxg6 hxg6 9. Qxb6 axb6 10. h3 Nbd7 11. Bd3 dxc4 12. Nxc4 b5 13. Nd2 e5 14. dxe5 Nxe5 15. Be2 Bb4 16. O-O O-O 17. Nf3 Nc4 18. a3 Rfd8 19. Rb1 Bf8 20. Rd1 Rxd1+ 21.
Bxd1 Rd8 22. Be2 Ne4 23. Kf1 Be7 24. a4 Ncd6 25. axb5 Nxb5 26. Bxb5 cxb5 27. Ke2 Bf6 28. Bd2 Ra8 29. Ne1 Ra2 30. Nd3 Nd6 31. Ke1 Nc4 32. Bc3 Be7 33. b3 Na3 34. Rc1 f6 35. Bb4 Bxb4+ 36. Nxb4 Rb2 37. Rc3 g5 38. g3 Nb1 39. Rd3 Kh7 40. Kf1 Nd2+ 41. Kg2 Ne4 42. Rd7 Rxf2+ 43. Kg1 Rf3 44. g4 Rxe3 45. Rxb7 Rxh3 46.
Nd5 Rxb3 47. Kg2 Rg3+ 48. Kf1 Rxg4 49. Ke2 Rg3 50. Re7 Nc3+ 51. Nxc3 Rxc3 52. Kd2 Rc5 53. Rb7 Re5 54. Kd3 Kg6 55. Kd4 g4 56. Ra7 g3 57.
Ra1 g2 58. Rg1 Re2 59. Kd3 Rb2 60. Kc3 Rf2 61. Kd3 f5 62. Ke3 Rc2 63. Kf4 b4 64. Kg3 b3 65. Kh2 b2 66. Rb1 Rc1 67. Rxc1 bxc1=Q 68. Kh3 Qh1+ 69. Kg3 g1=Q+ 70. Kf4 Qd4+ 71.
Kg3 Qg4+ 72. Kf2 Qgf3# 0-1

[Event "Early-Titled-Tuesday-Blitz-January-23-2024"]
[Site "Chess.com"]
[Date "2024.01.23"]
[Round "2"]
[White "Grandelicious"]
[Black "CarlosjPineror"]
[Result "1/2-1/2"]
[WhiteElo "2899"]
[BlackElo "2607"]
[TimeControl "180+1"]
[EndTime "8:18:54 PST"]
[Termination "Game drawn - insufficient material"]

1. Nf3 d5 2. e3 c6 3. c4 Nf6 4. Qc2 a6 5. Nc3 g6 6. b3 Bg7 7. Bb2 b5 8. Be2 O-O 9. O-O Bf5 10. Qc1 dxc4 11. bxc4 Bd3 12. Bxd3 Qxd3 13. Ne5 Qd8 14. d4 Nfd7 15. f4 f6 16. Nxd7 Nxd7 17. c5 e5 18. Ne4 exd4 19. Bxd4 Qe7 20. Nd6 f5 21. Qc3 Nf6 22. a4 Nd5 23. Qb3 Bxd4 24. exd4 Qe3+ 25. Qxe3 Nxe3 26. Rfc1 Nd5 27. g3 h6 28. Kf2 Kg7 29. Re1 Rfd8 30. Re2 Rf8 31. axb5 axb5 32. Rea2 Rxa2+ 33. Rxa2 Rb8 34. Ra7+ Kg8 35. Rb7 Rxb7 36. Nxb7 Kf8 37. Ke2 Ke7 38. Kd3 Kd7 39. Nd6 Nf6 40.
Nf7 Ng4 41. h3 Nf2+ 42. Ke3 Nxh3 43. Ne5+ Kc7 44. Nxg6 b4 45. Ne7 b3 46. Kd2 Ng1 47. Nxf5 Nf3+ 48. Kd3 Ng1 49. Kc3 Kd7 50. Kxb3 Ke6 51.
Nxh6 Ne2 52. Kc4 Nxg3 53. Kd3 Nh5 54. Ke3 Nf6 55. f5+ Kd5 56. Kd3 Nh5 57. Ng4 Nf4+ 58. Ke3 Ng2+ 59. Kd3 Nf4+ 60. Ke3 Ng2+ 61. Kf2 Nh4 62.
f6 Kxd4 63. Kg3 Ng6 64. Kf3 Kxc5 65. Ke4 Kd6 66. Kf5 Nf8 67. Ne5 c5 68. Ng6 Nd7 69. f7 c4 70. Ne5 Nf8 71. Nxc4+ Ke7 72. Ne5 Nd7 73. Kg6 Nxe5+ 74. Kg7 Nxf7 1/2-1/2

[Event "Early-Titled-Tuesday-Blitz-January-23-2024"]
[Site "Chess.com"]
[Date "2024.01.23"]
[Round "2"]
[White "masterofpuppets2"]
[Black "alvarorodriguezavila"]
[Result "0-1"]
[WhiteElo "2508"]
[BlackElo "2311"]
[TimeControl "180+1"]
[EndTime "8:18:54 PST"]
[Termination "alvarorodriguezavila won by checkmate"]

1. d4 Nf6 2. c4 Nc6 3. Nf3 e6 4. g3 d6 5. Bg2 g6 6. O-O Bg7 7. Nc3 O-O 8. Qc2 e5 9. Rd1 Qe8 10. dxe5 dxe5 11. Nd5 Bf5 12. Qb3 Qc8 13. Nxe5 Nxd5 14.
Nxc6 bxc6 15. cxd5 Rb8 16. Qa4 cxd5 17. Bxd5 Bxb2 18.
Bxb2 Rxb2 19. Bf3 Qb8 20. Rac1 Be6 21. Ra1 Qb6 22. Rdc1 c5 23. h4 Rd8 24. Kg2 c4 25. h5 Kg7 26. Qa3 Qd4 27. Rd1 Rd2 28. e3 Qf6 29. Rxd2 Rxd2 30. Rh1 Bg4 31. h6+ Kg8 32. e4 Rd3 33. Qxd3 cxd3 34. Bxg4 Qd4 35. Rc1 Kf8 36. Bf3 d2 37. Rd1 Ke7 38. Kf1 Qb2 39.
Ke2 Qxa2 40. Rxd2 Qc4+ 41. Ke3 a5 42. Be2 Qc5+ 43. Kf3 a4 44. Rd5 Qc3+ 45. Rd3 Qb4 46. e5 a3 47. e6 fxe6 48. Rd1 a2 49. Rc1 Qb2 50. Rd1 a1=Q 51. Rxa1 Qxa1 52. Bd3 Qf6+ 53. Ke3 Qg5+ 54. f4 Qxh6 55. Kf3 Qg7 56. Be4 Qf6 57. g4 e5 58. f5 gxf5 59. Bxf5 Qg5 60. Ke4 Qf4+ 61.
Kd5 Qd4+ 62. Kc6 h6 63. Kb5 e4 64. Kc6 e3 65. Kb5 e2 66. Kc6 e1=Q 67. Kb5 Qeb4+ 68. Kc6 Qb7+ 69. Kxb7 Kf6 70. Kc6 Kg5 71. Kb5 h5 72. Be6 h4 73. Bc4 h3 74. Bb3 h2 75.
Ba4 h1=Q 76. Ka5 Qhd5+ 77. Bb5 Qa1+ 78. Kb6 Qb2 79. Kc7 Qbxb5 80. Kc8 Qbb7# 0-1

[Event "Early-Titled-Tuesday-Blitz-January-23-2024"]
[Site "Chess.com"]
[Date "2024.01.23"]
[Round "2"]
[White "diamonds13"]
[Black "Szczor"]
[Result "1/2-1/2"]
[WhiteElo "2355"]
[BlackElo "2598"]
[TimeControl "180+1"]
[EndTime "8:18:55 PST"]
[Termination "Game drawn - insufficient material"]

1. d4 Nf6 2. c4 e6 3. Nc3 Bb4 4.
e3 O-O 5. Bd2 c5 6. Bd3 cxd4 7.
exd4 d5 8. Nge2 Nc6 9. c5 e5 10. Nb5 e4 11. Bc2 Bg4 12. h3 Bxe2 13. Qxe2 a6 14.
Bxb4 axb5 15. Bc3 b4 16. Bd2 Nxd4 17. Qd1 Nxc2+ 18. Qxc2 d4 19. O-O Qd5 20. Bxb4 Rfc8 21. a3 b6 22. Rac1 bxc5 23. Bxc5 Nd7 24. b4 Nxc5 25.
bxc5 Rxa3 26. Rfd1 f5 27. Qb2 Ra4 28. c6 e3 29.
fxe3 d3 30. Ra1 Rc4 31. Qb3 d2 32. Rxd2 Qxc6 33. Ra7 h6 34. Rd4 Kh7 35. Rxc4 Qxc4 36. Qxc4 Rxc4 37. Rf7 Kg6 38. Re7 Kf6 39. Re8 Rc2 40.
Rf8+ Kg5 41. Rf7 g6 42. Re7 Re2 43. Kf1 Ra2 44. g3 Rh2 45. Re6 Rxh3 46. Kg2 Rh5 47. e4 fxe4 48. Re5+ Kf6 49. Rxe4 Rb5 50. Rf4+ Kg5 51.
Rc4 h5 52. Kh3 Rb3 53. Rd4 Kh6 54. Rd5 g5 55. Rd6+ Kg7 56. Rd7+ Kf6 57. Rd5 Re3 58. Rb5 Re5 59. Rb6+ Kf5 60. Rb8 g4+ 61. Kh4 Re1 62.
Rf8+ Kg6 63. Rg8+ Kf7 64. Rh8 Rh1+ 65. Kg5 Rh3 66. Rxh5 Rxg3 67. Rh7+ Ke6 68. Rh6+ Ke5 69. Rh4 Rg1 70. Rxg4 Rxg4+ 71. Kxg4 1/2-1/2

[Event "Early-Titled-Tuesday-Blitz-January-23-2024"]
[Site "Chess.com"]
[Date "2024.01.23"]
[Round "2"]
[White "Roedor"]
[Black "Maxfan2008"]
[Result "0-1"]
[WhiteElo "2307"]
[BlackElo "2527"]
[TimeControl "180+1"]
[EndTime "8:18:58 PST"]
[Termination "Maxfan2008 won by resignation"]

1. c4 c6 2. g3 Nf6 3. Bg2 d5 4. Nf3 Bg4 5. O-O e6 6. Ne5 Bf5 7. cxd5 exd5 8. Qb3 Nbd7 9. Nxd7 Qxd7 10. d3 Be7 11. Nc3 O-O 12. e4 dxe4 13. dxe4 Bh3 14. Rd1 Qg4 15. Be3 b5 16. f3 Qh5 17. Ne2 Bxg2 18. Kxg2 a5 19. Nf4 Qe5 20. Rac1 Rfc8 21. Qc3 Qxc3 22. Rxc3 Bb4 23. Rcd3 c5 24. e5 c4 25. Rd4 Ne8 26. Rd5 Nc7 27. Rd7 h6 28. g4 a4 29. a3 Bf8 30. Bd2 Na6 31. e6 Nc5 32. exf7+ Kh7 33. Rd5 Ra7 34. Bb4 Rxf7 35. Bxc5 Rxc5 36. Ne6 Rxd5 37. Rxd5 c3 38. bxc3 Bxa3 39.
Rxb5 Bc1 40. Ra5 a3 41. h4 Re7 42. Nd4 Bb2 43. Nb5 Re5 44. c4 Rc5 45. Nxa3 Rxa5 46. Nc2 Bc3 47. Ne3 Ra2+ 48. Kh3 Bd4 49. Nf5 Bc5 50. g5 hxg5 51. hxg5 Kg6 52. Kg4 Rf2 53. Nh4+ Kf7 54. Kf5 Rc2 55. g6+ Ke7 56. Ke5 Rxc4 57. Nf5+ Kf8 58. f4 Rc1 59. Ng3 Be7 60. f5 Bf6+ 61. Ke6 Rc6+ 62. Kd5 Ra6 63. Ne4 Ra5+ 64. Kd6 Be5+ 65. Ke6 Ba1 66. Ng5 Re5+ 67. Kd6 Rxf5 68. Ne6+ Kg8 69. Ke7 Re5 70. Kd7 Rxe6 71. Kxe6 Bf6 72.
Kd7 Kf8 73. Ke6 Ke8 74. Kd6 Kd8 75. Ke6 Ke8 76. Kd6 Bg5 77. Ke6 Bh4 78. Kd6 Bg3+ 79.
Ke6 Bb8 80. Kd5 Ke7 0-1

[Event "Early-Titled-Tuesday-Blitz-January-23-2024"]
[Site "Chess.com"]
[Date "2024.01.23"]
[Round "2"]
[White "francyIM"]
[Black "ural58"]
[Result "0-1"]
[WhiteElo "2803"]
[BlackElo "2429"]
[TimeControl "180+1"]
[EndTime "8:18:59 PST"]
[Termination "ural58 won on time"]

1. e4 d5 2. exd5 Qxd5 3. Nf3 Bg4 4. Be2 Nc6 5. Nc3 Qd7 6. h3 Bf5 7. d3 e5 8. Be3 Be7 9. O-O O-O-O 10. a4 a6 11. Nd2 g5 12. a5 h5 13. Nce4 g4 14.
hxg4 hxg4 15. f3 Nd4 16. fxg4 Nxe2+ 17. Qxe2 Bxg4 18. Qe1 f5 19. Nf2 f4 20. Ba7 Bh4 21.
Qxe5 Nf6 22. Qxf4 Be2 23. Nfe4 Bxf1 24. Rxf1 Nxe4 25. Nxe4 Rdf8 26. Qxf8+ Rxf8 27. Rxf8+ Bd8 28. Be3 Qg7 29. Bc5 Kd7 30. c3 b6 31. axb6 cxb6 32.
Ba3 Be7 33. Bxe7 Kxe7 34. Rf2 Qg4 35. Rf3 Qh4 36. Rf2 Qh5 37. Rf3 Qb5 38. b4 a5 39.
bxa5 bxa5 40. Nd2 a4 41. Nc4 Qb1+ 42. Kh2 Qc1 43. d4 a3 44. Nxa3 Qxa3 45. g4 Qc1 46.
Kg3 Qg1+ 47. Kf4 Qh2+ 48. Kf5 Kf7 49. g5 Qh7+ 50. Kg4+ Kg7 51. Re3 Qh1 52. Re7+ Kf8 53. Re3 Qd1+ 54. Kf4 Qd2 55. Ke4 Kf7 56. c4 Qc2+ 57.
Kd5 Qf5+ 58. Re5 Qf3+ 59. Kc5 Qa3+ 60. Kd5 Qf3+ 61. Kd6 Qd3 62. Kc5 Qa3+ 63. Kc6 Qd3 0-1